 Dungeon Sprint DCSS version 0.19.1 (webtiles) character file.

1444 KingBobo974 the Carver (level 8, -14/61 HPs)
             Began as a High Elf Skald on Dec 17, 2016.
             Was an Elder of Okawaru.
             Demolished by a draconian
             ... wielding a +5 flail of protection
              (16 damage)
             ... in the Dungeon (Sprint V: "Ziggurat Sprint").
             The game lasted 00:07:35 (521 turns).

KingBobo974 the Carver (High Elf Skald)              Turns: 521, Time: 00:07:37

Health: -14/61     AC:  8    Str: 12    XL:     8   Next: 46%
Magic:  10/18      EV: 13    Int: 23    God:    Okawaru [****..]
Gold:   0          SH:  0    Dex: 19    Spells: 3 memorised, 14 levels left

rFire  + . .     SeeInvis +     L - +14 plutonium sword {*Contam Stlth-}
rCold  . . .     Gourm    .     U - +2 ring mail {rF+}
rNeg   . . .     Faith    .     (shield currently unavailable)
rPois  .         Spirit   .     (no helmet)
rElec  .         Reflect  .     (no cloak)
rCorr  .         Harm     .     (no gloves)
MR     ++...     NoTele   +     (no boots)
Stlth  ..........               (no amulet)
                                R - ring of Ujaps {*Corrode MR++ Dex+4 SInv}
                                B - +6 ring of intelligence

@: no status effects
A: no striking features
a: Heroism, Renounce Religion


You were in the Dungeon.
You worshipped Okawaru.
Okawaru was greatly pleased with you.
You were not hungry.

You visited 1 branch

Inventory:

Hand Weapons
 a - a +0 falchion
 K - the +7 Singing Sword
   (You found it in the Dungeon)
 L - the +14 plutonium sword (weapon) {*Contam Stlth-}
   (You found it in the Dungeon)

   It causes magical contamination when unequipped.
   It makes you less stealthy.
 M - the +1 sword of Power
   (You found it in the Dungeon)
 Q - the +11 arbalest of the Traitor {venom, Dex+6 Stlth+}
   (You found it in the Dungeon)

   It poisons the ammo it fires.
   It affects your dexterity (+6).
   It makes you more stealthy.
Armour
 b - a +0 leather armour
 N - the +15 Maxwell's patent armour {-Cast -Tele rElec MR+ rCorr}
   (You found it in the Dungeon)

   It insulates you from electricity.
   It affects your resistance to hostile enchantments.
   It prevents spellcasting.
   It prevents most forms of teleportation.
   It protects you from acid and corrosion.
 O - the +18 shield of the Gong {rElec rN+ MR+ EV-5}
   (You found it in the Dungeon)

   It affects your evasion (-5).
   It insulates you from electricity.
   It protects you from negative energy.
   It affects your resistance to hostile enchantments.
 U - a +2 ring mail of fire resistance (worn)
Jewellery
 y - a +6 ring of dexterity
 A - a +6 ring of dexterity
 B - a +6 ring of intelligence (left hand)
 C - a +6 ring of intelligence
 D - a +6 ring of strength
 E - a +6 ring of strength
 F - an uncursed ring of flight
 R - the ring of Ujaps (right hand) {*Corrode MR++ Dex+4 SInv}
   (You found it in the Dungeon)

   [ring of see invisible]

   It affects your dexterity (+4).
   It affects your resistance to hostile enchantments.
   It lets you see invisible.
   It may corrode you when you take damage.
 T - an uncursed ring of fire
Wands
 G - a wand of disintegration (7/24)
 H - a wand of iceblast (5/15)
 I - a wand of lightning (5/15)
 J - a wand of acid (5/15)
Scrolls
 j - 4 scrolls of blinking
 q - 4 scrolls of amnesia
 r - 3 scrolls of recharging
 s - 7 scrolls of fog
 t - a scroll of holy word
 u - 5 scrolls of identify
 v - 5 scrolls of remove curse
 w - 2 scrolls of fear
 P - a scroll of brand weapon
Potions
 e - 8 potions of curing
 f - 9 potions of heal wounds
 g - 6 potions of haste
 h - 7 potions of magic
 i - 3 potions of berserk rage
 k - 2 potions of brilliance
 l - 2 potions of invisibility
 m - 4 potions of resistance
 n - a potion of experience
 o - 5 potions of agility
 p - 5 potions of might
Books
 c - a book of Battle

   Spells                             Type                      Level
   a - Infusion                       Charms                       1
   b - Shroud of Golubria             Charms/Translocation         2
   c - Song of Slaying                Charms                       2
   d - Spectral Weapon                Hexes/Charms                 3
   e - Regeneration                   Charms/Necromancy            3
 S - a book of Burglary

   Spells                             Type                      Level
   a - Swiftness                      Charms/Air                   2
   b - Passwall                       Transmutation/Earth          2
   c - Passage of Golubria            Translocation                4
   d - Lee's Rapid Deconstruction     Earth                        5
   e - Darkness                       Hexes                        6
   f - Invisibility                   Hexes                        6
Comestibles
 d - 5 bread rations
 x - 42 fruits
 z - 4 meat rations


   Skills:
 - Level 7.8 Fighting
 * Level 12.5 Long Blades
 + Level 6.6 Armour
 * Level 4.2 Dodging
 + Level 6.6 Spellcasting
 * Level 11.9 Charms


You had 14 spell levels left.
You knew the following spells:

 Your Spells              Type           Power        Failure   Level  Hunger
a - Infusion              Chrm           ####         1%          1    None
b - Spectral Weapon       Hex/Chrm       ####....     4%          3    None
c - Shroud of Golubria    Chrm/Tloc      ####......   1%          2    None


Dungeon Overview and Level Annotations

Branches:
Dungeon (1/1)

Altars:
Ashenzari
Cheibriados
Dithmenos
Elyvilon
Fedhas
Gozag
Hepliaklqana
Kikubaaqudgha
Makhleb
Nemelex Xobeh
Okawaru
Qazlal
Ru
Sif Muna
Trog
Uskayaw
Vehumet
Xom
Yredelemnul
Zin
The Shining One
Beogh
Jiyva
Lugonu


Message History

The draconian closely misses you.
The draconian hits you but does no damage.
Casting: Shroud of Golubria
Confirm with . or Enter, or press ? or * to list all spells.
You renew your shroud.
The draconian hits you!
The draconian hits you but does no damage.
The draconian hits you with a hand axe!
The draconian hits you with a +5 flail of protection!!
* * * LOW HITPOINT WARNING * * *
Your shroud falls apart!
You are too injured to fight recklessly!
Unknown command.
Your ring mail prevents you from hitting the draconian.
The draconian hits you!
* * * LOW HITPOINT WARNING * * *
The draconian hits you with an enchanted short sword.
* * * LOW HITPOINT WARNING * * *
The draconian hits you but does no damage.
The draconian hits you with a +5 flail of protection!
You die...

▓.....▓.....▓.....▓
▓.....▓.....▓.....▓
▓.....▓.....▓▓▓▓▓▓▓
▓▓▓▓▓▓▓▓▓▓▓▓▓▓▓▓▓▓▓
▓..8©8...▓..8©8...▓
▓..(.}...▓..:}....▓
▓...}....▓..)d[...▓
▓...÷)...▓..ddd...▓
▓..).....▓...@d...▓
▓.▓....▓.▓........▓
▓........▓........▓
▓▓▓▓▓▓▓▓▓▓▓▓▓▓▓▓▓▓▓


You could see 5 draconians.

Vanquished Creatures
  3 toenail golems (D)
  An ancient zyme (D)
  A water moccasin (D)
  A quasit (D)
  An orc priest (D)
  An orc wizard (D)
  A shadow imp (D)
  An ufetubus (D)
  2 orcs (D)
  A ball python (D)
13 creatures vanquished.

Vanquished Creatures (others)
  A spectral weapon (D)
1 creature vanquished.

Grand Total: 14 creatures vanquished

Notes
Turn   | Place    | Note
-------+----------+-------------------------------------------
     0 | D        | KingBobo974 the High Elf Skald began the quest for the Orb.
     0 | D        | Reached XP level 1. HP: 14/14 MP: 4/4
     4 | D        | Found a blossoming altar of Fedhas.
     5 | D        | Found a deep blue altar of Sif Muna.
     5 | D        | Found a sacrificial altar of Ru.
     5 | D        | Found a bloodstained altar of Trog.
     5 | D        | Found a stormy altar of Qazlal.
     5 | D        | Found an iron altar of Okawaru.
     5 | D        | Found a sparkling altar of Nemelex Xobeh.
     7 | D        | Found an ancient bone altar of Kikubaaqudgha.
     7 | D        | Found a viscous altar of Jiyva.
     7 | D        | Found a corrupted altar of Lugonu.
     7 | D        | Found a hazy altar of Hepliaklqana.
     7 | D        | Found a burning altar of Makhleb.
     7 | D        | Found an opulent altar of Gozag.
    62 | D        | Became a worshipper of Warmaster Okawaru
    72 | D        | Entered arena 1.
    72 | D        | Noticed a water moccasin
    90 | D        | Killed a water moccasin
    90 | D        | Reached * piety under Okawaru
    90 | D        | Reached ** piety under Okawaru
    90 | D        | Reached skill level 5 in Long Blades
    90 | D        | Reached XP level 2. HP: 17/22 MP: 6/8
    90 | D        | Reached XP level 3. HP: 21/27 MP: 6/9
    90 | D        | Reached XP level 4. HP: 25/33 MP: 7/11
   156 | D        | Entered arena 2.
   156 | D        | Noticed a toenail golem
   156 | D        | Noticed a toenail golem
   156 | D        | Noticed a toenail golem
   164 | D        | Killed a toenail golem
   164 | D        | Reached skill level 9 in Long Blades
   164 | D        | Reached skill level 5 in Spellcasting
   164 | D        | Reached skill level 10 in Charms
   164 | D        | Reached XP level 5. HP: 30/42 MP: 11/13
   164 | D        | Reached XP level 6. HP: 34/47 MP: 12/15
   166 | D        | Killed a toenail golem
   166 | D        | Reached *** piety under Okawaru
   166 | D        | Reached skill level 11 in Long Blades
   166 | D        | Reached skill level 5 in Armour
   166 | D        | Reached XP level 7. HP: 40/54 MP: 12/16
   174 | D        | Killed a toenail golem
   174 | D        | Reached **** piety under Okawaru
   174 | D        | Reached skill level 12 in Long Blades
   174 | D        | Reached XP level 8. HP: 39/61 MP: 14/18
   186 | D        | Learned a level 3 spell: Spectral Weapon
   189 | D        | Learned a level 2 spell: Shroud of Golubria
   189 | D        | Entered arena 3.
   189 | D        | Noticed an ancient zyme
   196 | D        | Killed an ancient zyme
   200 | D        | Got the +11 arbalest of the Traitor {venom, Dex+6 Stlth+}
   203 | D        | Got the ring of Ujaps {*Corrode MR++ Dex+4 SInv}
   210 | D        | Entered arena 4.
   515 | D        | Entered arena 5.
   515 | D        | Noticed a draconian
   515 | D        | Noticed a draconian
   515 | D        | Noticed a draconian
   515 | D        | Noticed a draconian
   515 | D        | Noticed a draconian
   521 | D        | HP: 2/61 [draconian/enchanted short sword (3)]
   521 | D        | Demolished by a draconian

Skill      XL: |  1  2  3  4  5  6  7  8 |
---------------+-------------------------+-----
Charms         | 7 10 11 | 11.9
Fighting       | 4 6 7 |  7.8
Long Blades    | 5 9 11 12 | 12.5
Armour         | 2 4 5 6 |  6.6
Spellcasting   | 4 5 6 |  6.6
Dodging        | 2 4 |  4.2

Action                   |  1- 3 |  4- 6 |  7- 9 || total
-------------------------+-------+-------+-------++-------
Melee: Triple sword      |    15 |     7 |    20 ||    42
 Cast: Shroud of Golubri |       |       |     2 ||     2
       Spectral Weapon   |       |       |     2 ||     2
  Use: Potion            |     2 |     1 |       ||     3
Armor: Plate armour      |    28 |    19 |    42 ||    89
       Ring mail         |       |       |     3 ||     3
Dodge: Dodged            |     6 |     6 |    18 ||    30
       Rpst.: Triple sword |     1 |     2 |     4 ||     7
